 Dungeon Sprint DCSS version 0.31-a0-750-gfe7b580527 (webtiles) character file.

Game seed: 15150710495401977558

1204 rocky1 the Grappler (level 8, -1/72 HPs)
             Began as a Troll Shapeshifter on Sept 15, 2023.
             Was an Initiate of Gozag.
             Slain by a centaur warrior (13 damage)
             ... in the Dungeon (Sprint IX: "|||||||||||||||||||||||||||||").
             The game lasted 00:01:01 (475 turns).

rocky1 the Grappler (Troll Shapeshifter)             Turns: 475, Time: 00:01:01

Health: -1/72      AC:  4    Str: 23    XL:     8   Next: 21%
Magic:  7/7        EV: 10    Int: 12    God:    Gozag
Gold:   549        SH:  0    Dex: 11    Spells: 7/7 levels left

rFire   . .          .
                       - Unarmed
rCold   . . .        (no shield)
rNeg    . . .        a - +0 animal skin
rPois   .            (helmet currently unavailable)
rElec   .            (cloak currently unavailable)
rCorr   .            (gloves unavailable)
SInv    .            (boots unavailable)
Will    .....        (no amulet)
Stlth   ++           n - +3 ring of intelligence
HPRegen 1.12/turn    o - +3 ring of intelligence
MPRegen 0.10/turn

%: no teleportation
@: beast-form
A: beast (slay +4), large, unfitting armour, claws 3, regeneration 1, shaggy fur
1, tough skin 1
a: Begin Untransformation, Renounce Religion, Potion Petition, Call Merchant,
Bribe Branch


You were in the Dungeon.
You worshipped Gozag.
Gozag was pleased with you.
You were a hulking beast.
You visited 1 branch You collected 549 gold pieces.

Inventory:

Armour
 a - a +0 animal skin (worn)
Jewellery
 n - a +3 ring of intelligence (left claw)
 o - a +3 ring of intelligence (right claw)
Talismans
 c - a beast talisman (active)
 d - a flux talisman
Wands
 m - a wand of acid (10)
Scrolls
 j - 2 scrolls of blinking
 l - 2 scrolls of amnesia
Potions
 b - a potion of lignification
 e - 5 potions of curing
 f - a potion of heal wounds
 g - a potion of haste
 h - 4 potions of magic
 i - a potion of berserk rage
 k - a potion of invisibility


   Skills:
 + Level 1.9 Fighting
 + Level 3.9 Dodging
 + Level 1.3 Stealth
 * Level 14.7 Unarmed Combat
 + Level 9.1 Shapeshifting


You had 7 spell levels left.
You didn't know any spells.
Your spell library was empty.

Dungeon Overview and Level Annotations

Branches:
Dungeon (1/1)

Altars:
Cheibriados
Dithmenos
Elyvilon
Fedhas
Gozag
Hepliaklqana
Kikubaaqudgha
Makhleb
Nemelex Xobeh
Okawaru
Qazlal
Ru
Sif Muna
Trog
Uskayaw
Vehumet
Wu Jian
Xom
Yredelemnul
Zin
The Shining One
Jiyva
Lugonu


Innate Abilities, Weirdness & Mutations

You are a hulking beast.
Your limbs bulge with bestial killing power. (Slay +4)
You are too large for most types of armour.
You have claws for hands.
Your natural rate of healing is unusually fast.
You are covered in fur. (AC +1)
You have tough skin. (AC +1)


Message History

The centaur warrior wields a +0 shortbow.
The centaur warrior shoots an arrow.
The arrow hits you!
The centaur warrior shoots an arrow.
The arrow barely misses you.
The death knight shouts!
The howler monkey howls!
The centaur warrior unwields a +0 shortbow.
The centaur warrior hits you! The centaur warrior kicks you.
There is an open door here.
You barely miss the centaur warrior.
The howler monkey hoots and howls with incredible vigour!
The centaur warrior hits you!
The centaur warrior kicks you but does no damage.
You claw the centaur warrior! Your claw misses the centaur warrior.
The centaur warrior is moderately wounded.
The centaur warrior hits you!
The centaur warrior kicks you but does no damage.
You scratch the centaur warrior but do no damage.
The centaur warrior is moderately wounded.
The centaur warrior hits you. The centaur warrior barely misses you.
You claw the centaur warrior! Your claw misses the centaur warrior.
The centaur warrior is heavily wounded.
The centaur warrior hits you.
* * * LOW HITPOINT WARNING * * *
The centaur warrior kicks you.
* * * LOW HITPOINT WARNING * * *
You mangle the centaur warrior!!
The centaur warrior is almost dead.
The centaur warrior closely misses you. The centaur warrior kicks you.
* * * LOW HITPOINT WARNING * * *
You barely miss the centaur warrior.
The centaur warrior is almost dead.
The centaur warrior hits you!
* * * LOW HITPOINT WARNING * * *
The centaur warrior kicks you.
* * * LOW HITPOINT WARNING * * *
Unknown command.
You completely miss the centaur warrior.
The centaur warrior is almost dead.
The centaur warrior hits you!
You die...
Your body crumbles into a pile of gold. ▓▓▓▓▓▓▓▓▓▓▓▓▓▓▓▓▓▓▓▓▓▓▓▓ +hQcpych......)..[[[.).. ▓▓▓▓▓▓▓▓▓▓▓▓▓▓▓▓▓▓▓▓▓▓▓▓

You could see a death knight, a tengu warrior, 2 centaur warriors, a vampire mosquito and a howler monkey.

Vanquished Creatures
  A two-headed ogre (D)
  A troll (D)
  A yak (D)
  A kobold brigand (D)
  A scorpion (D)
  A killer bee (D)
  A jelly (D)
  An iguana (D)
  An orc wizard (D)
  A white imp (D)
  A dart slug (D)
  A giant cockroach (D)
  A goblin (D)
  A bat (D)
  A frilled lizard (D)
  A rat (D)
16 creatures vanquished.

Notes
Turn   | Place    | Note
-------+----------+-------------------------------------------
     0 | D        | rocky1 the Troll Shapeshifter began the quest for the Orb.
     0 | D        | Reached XP level 1. HP: 18/18 MP: 0/0
   119 | D        | Noticed an iguana
   119 | D        | Noticed a jelly
   119 | D        | Noticed a scorpion
   122 | D        | Reached skill level 4 in Unarmed Combat
   126 | D        | Reached XP level 2. HP: 20/26 MP: 1/1
   129 | D        | Killed a scorpion
   130 | D        | Reached skill level 1 in Fighting
   130 | D        | Reached skill level 6 in Unarmed Combat
   130 | D        | Reached skill level 5 in Shapeshifting
   130 | D        | Reached XP level 3. HP: 30/33 MP: 2/2
   130 | D        | Reached XP level 4. HP: 37/41 MP: 3/3
   134 | D        | Reached skill level 7 in Unarmed Combat
   139 | D        | Reached skill level 8 in Unarmed Combat
   161 | D        | Found a snail-covered altar of Cheibriados.
   161 | D        | Found a shadowy altar of Dithmenos.
   161 | D        | Found a white marble altar of Elyvilon.
   161 | D        | Found a blossoming altar of Fedhas.
   161 | D        | Found an opulent altar of Gozag.
   162 | D        | Found a hazy altar of Hepliaklqana.
   163 | D        | Found a viscous altar of Jiyva.
   164 | D        | Found an ancient bone altar of Kikubaaqudgha.
   165 | D        | Found a corrupted altar of Lugonu.
   166 | D        | Found a burning altar of Makhleb.
   167 | D        | Found a sparkling altar of Nemelex Xobeh.
   168 | D        | Found an iron altar of Okawaru.
   169 | D        | Found a stormy altar of Qazlal.
   171 | D        | Became a worshipper of Gozag Ym Sagoz the Greedy
   173 | D        | Found a sacrificial altar of Ru.
   174 | D        | Found a shimmering blue altar of Sif Muna.
   175 | D        | Found a bloodstained altar of Trog.
   176 | D        | Found a hide-covered altar of Uskayaw.
   177 | D        | Found a radiant altar of Vehumet.
   178 | D        | Found an ornate altar of the Wu Jian Council.
   179 | D        | Found a shimmering altar of Xom.
   180 | D        | Found a basalt altar of Yredelemnul.
   181 | D        | Found a glowing silver altar of Zin.
   182 | D        | Found a glowing golden altar of the Shining One.
   208 | D        | Noticed a troll
   208 | D        | Noticed a two-headed ogre
   208 | D        | Noticed a kobold brigand
   208 | D        | Noticed a yak
   211 | D        | Reached XP level 5. HP: 42/48 MP: 4/4
   217 | D        | HP: 1/48 [yak (16)]
   222 | D        | Killed a yak
   223 | D        | Reached skill level 10 in Unarmed Combat
   223 | D        | Reached XP level 6. HP: 45/55 MP: 5/5
   227 | D        | Reached skill level 11 in Unarmed Combat
   229 | D        | Killed a two-headed ogre
   230 | D        | Reached skill level 1 in Stealth
   230 | D        | Reached skill level 14 in Unarmed Combat
   230 | D        | Reached XP level 7. HP: 37/63 MP: 6/6
   232 | D        | Killed a troll
   233 | D        | Reached XP level 8. HP: 29/72 MP: 7/7
   467 | D        | Noticed a tengu warrior
   467 | D        | Noticed a centaur warrior
   467 | D        | Noticed a death knight
   467 | D        | Noticed a centaur warrior
   475 | D        | Slain by a centaur warrior

Illustrated notes

Levels and vault maps discovered:
D:        linesprint [early_d, line_temple, items_1, d_10, items_2, lair_1,
          lair_end, items_3, orc_1, orc_end, items_4, d_15, swamp_1, shoals_1,
          snake_1, spider_1, d_20, vaults_1, items_5, swamp_end, shoals_end,
          snake_end, spider_end, vaults_end, d_27, items_6, zot_1, zot_end,
          crypt_end, forest_end, elf_end, slime_end, tomb_end, abyss_end,
          pan_hell_end]

Skill      XL: |  1  2  3  4  5  6  7 |
---------------+----------------------+-----
Unarmed Combat | 4 6 8 10 14 | 14.7
Shapeshifting  | 4 5 6 7 8 9 |  9.1
Fighting       | 1 |  1.9
Dodging        | 2 3 |  3.9
Stealth        | 1 |  1.3

Action                     |  1- 3 |  4- 6 |  7- 9 || total
---------------------------+-------+-------+-------++-------
  Melee: Unarmed           |    19 |    27 |    12 ||    58
         Punch             |       |     1 |     1 ||     2
    Use: Potion            |       |     2 |       ||     2
   Stab: Distracted        |       |     1 |       ||     1
 Armour: Animal skin       |     5 |    12 |    18 ||    35
  Dodge: Dodged            |     9 |     9 |     5 ||    23

Table legend: (Time is in decaauts)
 A = Elapsed time spent in this place.
 B = Non-inter-level travel time spent in this place.
 C = Inter-level travel time spent in this place.
 D = Time resting spent in this place.
 E = Time spent auto-exploring this place.
 F = Levels seen in this place.
 G = Mean time per level.
                   A        B        C        D        E       F      G
               +--------+--------+--------+--------+--------+-----+--------+
         Total |    465 |    465 |      0 |    340 |      0 |   1 |  465.0 |
       Dungeon |    465 |    465 |      0 |    340 |      0 |   1 |  465.0 |
               +--------+--------+--------+--------+--------+-----+--------+

Top non-repeatable levels by time:
       D: 465 daAuts
